 Dungeon Crawl Stone Soup version 0.19-a0-465-g1d1674b (webtiles) character file.

5 Kilingo the Firebug (level 1, -2/11 HPs)
             Began as a Tengu Fire Elementalist on June 4, 2016.
             Slain by a giant gecko (3 damage)
             ... on level 1 of the Dungeon.
             The game lasted 00:06:24 (406 turns).

Kilingo the Firebug (Tengu Fire Elementalist)        Turns: 406, Time: 00:06:25

Health: -2/11      AC:  2    Str:  8    XL:     1   Next: 80%
Magic:  4/4        EV: 12    Int: 15    God:
Gold:   17         SH:  0    Dex: 14    Spells: 1 memorised, 3 levels left

rFire  . . .     SeeInvis .     h - +0 dagger
rCold  . . .     Gourm    .     a - +0 robe
rNeg   . . .     Faith    .     (no shield)
rPois  .         Spirit   .     (helmet restricted)
rElec  .         Dismiss  .     (no cloak)
rCorr  .         Reflect  .     (no gloves)
SustAt .         Harm     .     (boots unavailable)
MR     .....                    (no amulet)
Stlth  ++........               (no ring)
                                (no ring)

@: not resistant to hostile enchantments, unstealthy
A: beak, talons 3
a: no special abilities


You were on level 1 of the Dungeon.
You were not hungry.

You visited 1 branch of the dungeon, and saw 1 of its levels.

You collected 17 gold pieces.

Inventory:

Hand Weapons
 h - a +0 dagger (weapon)
Armour
 a - a +0 robe (worn)
Scrolls
 f - a scroll of remove curse {unknown}
 g - a scroll of recharging {unknown}
 i - a scroll of teleportation {unknown}
Potions
 e - a potion of mutation {unknown}
Books
 b - a book of Flames

   Spells                             Type                      Level
   a - Flame Tongue                   Conjuration/Fire             1
   b - Throw Flame                    Conjuration/Fire             2
   c - Conjure Flame                  Conjuration/Fire             3
   d - Inner Flame                    Hexes/Fire                   3
   e - Sticky Flame                   Conjuration/Fire             4
   f - Fireball                       Conjuration/Fire             5
Comestibles
 c - 2 bread rations


   Skills:
 + Level 0.6 Fighting
 - Level 1.0 Armour
 - Level 2.1 Dodging
 - Level 2.0 Stealth
 - Level 2.0 Spellcasting
 - Level 1.3 Conjurations
 - Level 3.2 Fire Magic


You had 3 spell levels left.
You knew the following spells:

 Your Spells              Type           Power        Failure   Level  Hunger
a - Flame Tongue          Conj/Fire      #....        12%         1    #......


Dungeon Overview and Level Annotations

Branches:
Dungeon (1/15)

Altars:


Innate Abilities, Weirdness & Mutations

You have a beak for a mouth.
You have claws for feet.


Message History

Aiming: Flame Tongue
Press: ? - help, Shift-Dir - straight line, f/p - goblin
Aim: a goblin, wielding a dagger You miscast Flame Tongue.
You are very lightly contaminated with residual magic.
Wisps of smoke drift from your hands. The goblin hits you with a dagger.
You see here 10 stones.
The giant gecko hisses menacingly.
Your magical contamination has completely faded away.
The giant gecko hisses menacingly.
There is an open door here.
There is an open door here.
The giant gecko completely misses you. The giant gecko barely misses you.
The giant gecko misses you. The giant gecko bites you.
* * * LOW HITPOINT WARNING * * *
There is an open door here.
The giant gecko bites you.
You die...

.(. ....$.##..#..#≈..P..
... .......#÷.#..#≈.P...
... #.......#..#≈..P..
... #..........#♣♣....
### #....##..........<
#.... #....#♣♣.... #....
#.#..#≈..P.. #####
########.#>.#≈.PPP.
....#
#.@......##.#≈..P..
###.#
#l#######...#≈≈≈≈♣≈ #.#
#.# #.########. #.#
####g#######.# #. #.#
#......g.....# ## #.#
#............# #.#
#............#
##.########............#
+............).........#


You could see a giant gecko and a goblin.

Vanquished Creatures
  A hobgoblin (D:1)
  2 jackals (D:1)
  A bat (D:1)
  A rat (D:1)
  A toadstool (D:1)
6 creatures vanquished.

Vanquished Creatures (others)
  4 toadstools (D:1)
4 creatures vanquished.

Grand Total: 10 creatures vanquished

Notes
Turn   | Place    | Note
--------------------------------------------------------------
     0 | D:1      | Kilingo the Tengu Fire Elementalist began the quest for the Orb.
     0 | D:1      | Reached XP level 1. HP: 10/10 MP: 4/4
   165 | D:1      | Reached skill level 1 in Armour
   406 | D:1      | Slain by a giant gecko

Vault maps used:
D:1:      ldierk_walled_garden, serial_bayou_pond_a

Skill      XL: |  1 |
---------------+----+-----
Armour         | 1 |  1.0
Fighting       | |  0.6
Dodging        | |  2.1
Stealth        | |  2.0
Spellcasting   | |  2.0
Conjurations   | |  1.3
Fire Magic     | |  3.2

Action                   || total
-------------------------++-------
Melee: Dagger            ||     2
       Unarmed           ||     1
       Kick              ||     1
       Peck              ||     1
 Cast: Flame Tongue      ||    15
Armor: Robe              ||     3
Dodge: Dodged            ||    12
